cohdb
Replays
Latest Replays
All Replays
Popular Replays
Top Player Replays
Match Explorer
How It Works
Community
CoH3 Stats
Reddit
Sign in to upload your games and track your stats! →
Sign in with Steam
Match 28679312
Unlisted
Match 28679312
Overview
Messages
Build Orders
End
Construct Barracks
Riflemen Squad
Riflemen Squad
Riflemen Squad
Infantry Support Center
Construct Medical Station
Selects Advanced Infantry Battlegroup
Selects Artillery Observers
Grenade Package
M1 Mortar Team
Construct Motor Pool
Selects Convert to Ranger Squad
M1 Anti-tank Gun Team
Selects Frontline Medical Station
Convert to Ranger Squad
M1918 Browning Automatic Rifles
M8 Greyhound Armored Car
Construct Tank Depot
Engineer Squad
Selects Infantry Assault
Infantry Assault
M4A1 Sherman Medium Tank
Convert to Ranger Squad
Selects M2A1 105mm Howitzer Emplacement
Engineer Squad
Selects M2A1 105mm Howitzer Emplacement
M4A1 Sherman Medium Tank
M4A1 Sherman Medium Tank
Infantry Assault
Engineer Squad
Infantry Assault
Selects Free Fire Drills
Construct Weapon Support Center
Infantry Assault
Infantry Assault
Wrathment
FiziksXT
0
0
Comments
sign in to comment!
No comments posted yet!